 Dungeon Crawl Stone Soup version 0.20-a0-296-gf222164 (webtiles) character file.

1064 junb69 the Covert (level 8, -1/57 HPs)
             Began as a Vampire Enchanter on Dec 14, 2016.
             Slain by a worker ant (6 damage)
             ... on level 5 of the Dungeon.
             The game lasted 00:17:33 (5672 turns).

junb69 the Covert (Vampire Enchanter)               Turns: 5672, Time: 00:17:34

Health: -1/57      AC:  4    Str:  8 (9)  XL:     8   Next: 6%
Magic:  0/13       EV: 12    Int: 15 (18) God:
Gold:   218        SH:  0    Dex: 13 (14) Spells: 5/14 levels left

rFire  + . .     SeeInvis +     a - +3 dagger
rCold  + + .     Gourm    .     b - +1 robe
rNeg   + + +     Faith    .     (no shield)
rPois  ∞         Spirit   .     (no helmet)
rElec  .         Reflect  .     (no cloak)
rCorr  .         Harm     .     (no gloves)
MR     ++...                    l - +0 pair of boots
Stlth  ++++++....               (no amulet)
                                s - ring of protection from magic
                                j - ring of protection from magic

@: very slightly contaminated, bloodless, non-regenerating
A: fangs 3, see invisible, fire resistance 1, robust 1, unbreathing
a: Bat Form


You were on level 5 of the Dungeon.
You were bloodless.

You visited 1 branch of the dungeon, and saw 5 of its levels.

You collected 218 gold pieces.

Inventory:

Hand Weapons
 a - a +3 dagger (weapon)
Armour
 b - a +1 robe (worn)
 l - a +0 pair of boots (worn)
Jewellery
 j - a ring of protection from magic (left hand)
 s - a ring of protection from magic (right hand)
Scrolls
 e - 2 scrolls of fog {unknown}
 f - 3 scrolls of blinking {unknown}
 g - 5 scrolls of teleportation
 m - 2 scrolls of remove curse
 n - 2 scrolls of recharging {unknown}
 o - a scroll of immolation {unknown}
 p - a scroll of random uselessness {unknown}
 q - 2 scrolls of enchant weapon
 r - a scroll of amnesia {unknown}
 t - a scroll of magic mapping
 u - 2 scrolls of identify
Potions
 d - 10 potions of blood
 h - 2 potions of degeneration
 i - a potion of magic {unknown}
 k - 2 potions of brilliance {unknown}
 v - a potion of lignification {unknown}
Books
 c - a book of Maledictions

   Spells                             Type                      Level
   a - Corona                         Hexes                        1
   b - Ensorcelled Hibernation        Hexes/Ice                    2
   c - Confuse                        Hexes                        3
   d - Tukima's Dance                 Hexes                        3
   e - Dazzling Spray                 Conjuration/Hexes            3


   Skills:
 - Level 6.2 Short Blades
 - Level 2.1 Dodging
 - Level 9.4 Stealth
 * Level 3.5 Spellcasting
 * Level 7.4 Hexes


You had 5 spell levels left.
You knew the following spells:

 Your Spells              Type           Power        Failure   Level  Hunger
a - Corona                Hex            ###....      1%          1    None
b - Ensorcelled Hibernat  Hex/Ice        ##....       8%          2    ##.....
c - Confuse               Hex            ###.....     2%          3    ###....
d - Tukima's Dance        Hex            ###.....     2%          3    ###....


Dungeon Overview and Level Annotations

Branches:
Dungeon (5/15)
 Temple: D:4-7

Altars:
Fedhas
Sif Muna
Xom

Annotations:
D:4 wazuzu's ghost, novice KoFE


Innate Abilities, Weirdness & Mutations

You do not heal naturally.
You are immune to poison.
You have razor-sharp teeth.
You have supernaturally acute eyesight. (SInv)
You can survive without breathing.
Your flesh is heat resistant. (rF+)
You are robust. (+10% HP)


Message History

The worker ant bites you.
* * * LOW HITPOINT WARNING * * *
There is a stone staircase leading up here.
The worker ant bites you.
* * * LOW HITPOINT WARNING * * *
It was a potion of degeneration.
There was something very wrong with that liquid.
You feel weakened.
You feel dopey.
You feel clumsy. The worker ant closely misses you.
Casting: Ensorcelled Hibernation
Confirm with . or Enter, or press ? or * to list all spells.
Aiming: Ensorcelled Hibernation
Press: ? - help, Shift-Dir - straight line, f/p - worker ant
Aim: a worker ant (chance to defeat MR: 52%)
You miscast Ensorcelled Hibernation.
You are very lightly contaminated with residual magic.
Frost spreads across the the floor.
The worker ant bites you.
* * * LOW HITPOINT WARNING * * *
The worker ant bites you.
You die...

.......'...##....##...#
.......#...##.........#
########...##.........#
#..........#########'###
#..........#...........#
#..........#...........#
+..........#....[......#
#..........#...........#
###.########...a@......#
..#.##......#######....#
..#..#..<...# #....#
..#..#......# #....#
..#..'......# #....#
..####......# #....#
#......###### #....#
#......# #....# #......#
#....#


You could see a worker ant.

Vanquished Creatures
  Pikel (D:4)
  2 slaves (D:4)
  2 phantoms (D:4)
  An ogre (D:4)
  A centaur (D:5)
  A scorpion (D:3)
  A crimson imp (D:5)
  Natasha (twice) (D:3)
  A worker ant (D:4)
  3 adders
  A worm (D:2)
  4 dart slugs
  A leopard gecko (D:2)
  3 orcs
  2 ball pythons
  4 giant cockroaches
  9 goblins
  6 hobgoblins
  18 jackals
  5 kobolds
  A quokka (D:2)
  3 bats
  3 frilled lizards
  5 rats
80 creatures vanquished.

Vanquished Creatures (others)
  A slave (D:4)
1 creature vanquished.

Grand Total: 81 creatures vanquished

Notes
Turn   | Place    | Note
-------+----------+-------------------------------------------
     0 | D:1      | junb69 the Vampire Enchanter began the quest for the Orb.
     0 | D:1      | Reached XP level 1. HP: 13/13 MP: 3/3
   525 | D:1      | Reached skill level 5 in Stealth
   525 | D:1      | Reached XP level 2. HP: 17/19 MP: 3/5
   529 | D:1      | Learned a level 2 spell: Ensorcelled Hibernation
  1069 | D:1      | Reached skill level 5 in Hexes
  1197 | D:2      | Reached XP level 3. HP: 23/24 MP: 1/6
  1351 | D:2      | Learned a level 3 spell: Confuse
  1568 | D:2      | Reached skill level 6 in Stealth
  2302 | D:3      | Reached XP level 4. HP: 30/30 MP: 7/7
  2306 | D:3      | Noticed Natasha
  2329 | D:3      | Found a blossoming altar of Fedhas.
  2329 | D:3      | Found a shimmering altar of Xom.
  2957 | D:3      | Found a deep blue altar of Sif Muna.
  3018 | D:3      | Killed Natasha
  3339 | D:3      | Reached XP level 5. HP: 35/35 MP: 6/9
  3344 | D:3      | Learned a level 3 spell: Tukima's Dance
  3392 | D:4      | Noticed wazuzu's ghost (novice KoFE)
  3516 | D:4      | Noticed an ogre
  3526 | D:4      | Killed an ogre
  3859 | D:4      | Reached XP level 6. HP: 41/41 MP: 10/10
  4063 | D:4      | Reached skill level 7 in Stealth
  4375 | D:3      | Gained mutation: Your flesh is heat resistant. (rF+) [potion of mutation]
  4375 | D:3      | Gained mutation: You are robust. (+10% HP) [potion of mutation]
  4739 | D:3      | Noticed Natasha
  4747 | D:3      | Killed Natasha
  4975 | D:4      | Noticed a slave
  4976 | D:4      | Noticed a slave
  4977 | D:4      | Noticed a slave
  4977 | D:4      | Noticed Pikel
  4993 | D:4      | Killed a slave
  5001 | D:4      | Noticed a slave
  5017 | D:4      | Killed a slave
  5077 | D:4      | Killed Pikel
  5077 | D:4      | Reached skill level 9 in Stealth
  5077 | D:4      | Reached XP level 7. HP: 50/50 MP: 0/11
  5273 | D:5      | Entered Level 5 of the Dungeon
  5622 | D:5      | Reached XP level 8. HP: 26/57 MP: 1/13
  5672 | D:5      | Slain by a worker ant

Vault maps used:
D:1:      minmay_arrival_wavy_path, minmay_tetromino_t2
D:2:      first_bread, serial_bayou_lagoon_b
D:3:      gammafunk_temple_overflow_wave, led_sif_pool, uniq_natasha
D:4:      uniq_pikel

Skill      XL: |  1  2  3  4  5  6  7 |
---------------+----------------------+-----
Stealth        | 5 6 9 |  9.4
Hexes          | 5 6 7 |  7.4
Short Blades   | 2 3 6 |  6.2
Spellcasting   | 3 |  3.5
Dodging        | |  2.1

Action                   |  1- 3 |  4- 6 |  7- 9 || total
-------------------------+-------+-------+-------++-------
Melee: Dagger            |   119 |   100 |    19 ||   238
       Bite              |     5 |     6 |     2 ||    13
 Cast: Corona            |    17 |       |       ||    17
       Ensorcelled Hiber |    12 |    30 |    10 ||    52
       Confuse           |       |    13 |     4 ||    17
 Abil: End Transformatio |       |     1 |       ||     1
       Bat Form          |       |     1 |       ||     1
  Use: Potion            |     1 |     7 |     1 ||     9
       Scroll            |       |     7 |       ||     7
 Stab: Sleeping          |    22 |    20 |     3 ||    45
       Confused          |       |     5 |       ||     5
Armor: Robe              |    27 |    28 |     6 ||    61
Dodge: Dodged            |    72 |    49 |    25 ||   146
